 Dungeon Crawl Stone Soup version 0.24.0-123-gd5b16e6ec5 (webtiles) character file.

Game seed: 14542561010386143181, levelgen mode: deterministic

114 Martska the Charmwright (level 5, 0/39 HPs)
             Began as a Human Skald on Feb 10, 2020.
             Succumbed to an adder's poison
             ... on level 3 of the Dungeon.
             The game lasted 00:04:31 (3361 turns).

Martska the Charmwright (Human Skald)               Turns: 3361, Time: 00:04:32

Health: 0/39       AC:  3    Str: 12    XL:     5   Next: 19%
Magic:  4/8        EV: 12    Int: 19    God:
Gold:   63         SH:  0    Dex: 12    Spells: 2/8 levels left

rFire    . . .     SeeInvis .   a - +0 falchion
rCold    . . .     Gourm    .   (no shield)
rNeg     . . .     Faith    .   b - +0 leather armour
rPois    .         Spirit   .   (no helmet)
rElec    .         Reflect  .   (no cloak)
rCorr    .         Harm     .   (no gloves)
MR       .....                  (no boots)
Stlth    +.........             (no amulet)
HPRegen  0.13/turn              (no ring)
MPRegen  0.11/turn              (no ring)

@: brilliant, lethally poisoned (0 -> -4), infused (expiring)
A: no striking features
a: no special abilities


You were on level 3 of the Dungeon.
You were not hungry.

You visited 1 branch of the dungeon, and saw 3 of its levels.

You collected 63 gold pieces.

Inventory:

Hand Weapons
 a - a +0 falchion (weapon)
Armour
 b - a +0 leather armour (worn)
Scrolls
 c - a scroll of remove curse {unknown}
 g - 2 scrolls of enchant weapon {unknown}
 h - a scroll of identify {unknown}
 j - a scroll of blinking {unknown}
Potions
 e - a potion of might {unknown}
 i - a potion of ambrosia {unknown}
Comestibles
 d - a ration


   Skills:
 * Level 2.7 Fighting
 * Level 3.0 Long Blades
 + Level 1.7 Armour
 + Level 2.5 Dodging
 + Level 2.4 Spellcasting
 + Level 0.4 Hexes
 + Level 3.2 Charms
 + Level 0.8 Translocations


You had 2 spell levels left.
You knew the following spells:

 Your Spells              Type           Power        Failure   Level  Hunger
a - Infusion              Chrm           ####         1%          1    #......
b - Shroud of Golubria    Chrm/Tloc      ###...       1%          2    ##.....
c - Spectral Weapon       Hex/Chrm       ###.....     3%          3    ###....

Your spell library contained the following spells:

 Spells                   Type           Power        Failure   Level  Hunger
 Song of Slaying          Chrm           ####....     1%          2    ##.....
 Regeneration             Chrm/Necr      ###.......   4%          3    ###....


Dungeon Overview and Level Annotations

Branches:
Dungeon (3/15)

Altars:


Message History

You miss the adder.
The adder is severely wounded.
The adder bites you.
* * * LOW HITPOINT WARNING * * *
The ooze hits you.
* * * LOW HITPOINT WARNING * * *
The adder bites you.
* * * LOW HITPOINT WARNING * * *
You are lethally poisoned!
The adder poisons you!
You hit the adder.
You kill the adder!
Your Long Blades skill increases to level 3!
* * * LOW HITPOINT WARNING * * *
You feel sick. The ooze hits you.
* * * LOW HITPOINT WARNING * * *
The ooze hits you but does no damage.
It was a potion of brilliance.
You feel clever all of a sudden.
You die...

#####.....####.##.###...
.. ...#..# #.##.......
######.#..####.##.......
.#................
.#######.##......# .#
##...##......# .#
♣..#♣.......#
♣♣....†..##.# ♣♣♣.♣@..#
♣♣.J..# ♣...#.# ♣...#.#
♣...#.# ♣...#.# ...##
♣♣♣#


You could see an ooze.

Vanquished Creatures
  2 adders (D:3)
  2 oozes (D:1)
  3 worms (D:2)
  7 dart slugs
  A leopard gecko (D:2)
  2 ball pythons (D:2)
  7 giant cockroaches
  4 goblins (D:1)
  5 hobgoblins
  11 jackals
  4 bats
  7 frilled lizards
  4 kobolds
  4 rats
63 creatures vanquished.

Notes
Turn   | Place    | Note
-------+----------+-------------------------------------------
     0 | D:1      | Martska the Human Skald began the quest for the Orb.
     0 | D:1      | Reached XP level 1. HP: 16/16 MP: 3/3
    46 | D:1      | Reached XP level 2. HP: 14/22 MP: 5/5
    83 | D:1      | Learned a level 2 spell: Shroud of Golubria
   568 | D:1      | Reached XP level 3. HP: 22/27 MP: 6/6
  1310 | D:1      | Learned a level 3 spell: Spectral Weapon
  1650 | D:2      | Reached XP level 4. HP: 19/34 MP: 7/7
  3190 | D:3      | Reached XP level 5. HP: 28/39 MP: 2/8
  3360 | D:3      | HP: 1/39 [ooze (1)]
  3361 | D:3      | Succumbed to an adder's poison

Levels and vault maps discovered:
D:1:      dpeg_arrival_ternary, layout_basic, chequers_big_river
D:2:      layout_loops_cross
D:3:      layout_basic, grunt_temple_overflow_forces_of_nature,
          chequers_ecumenical_altar_grove

Skill      XL: |  1  2  3  4  5 |
---------------+----------------+-----
Long Blades    | 3 |  3.0
Fighting       | |  2.7
Armour         | |  1.7
Dodging        | |  2.5
Spellcasting   | |  2.4
Hexes          | |  0.4
Charms         | |  3.2
Translocations | |  0.8

Action                   |  1- 3 |  4- 6 || total
-------------------------+-------+-------++-------
Melee: Falchion          |   122 |   126 ||   248
 Cast: Infusion          |     3 |     6 ||     9
  Use: Potion            |       |     1 ||     1
 Stab: Sleeping          |     1 |       ||     1
  Eat: Chunk             |     1 |     4 ||     5
       Ration            |     1 |       ||     1
Armor: Leather armour    |    31 |    33 ||    64
Dodge: Dodged            |    99 |    98 ||   197
       Rpst.: Falchion   |    33 |    31 ||    64
